 Dungeon Crawl Stone Soup version 0.19.0-22-gd96e5fe (webtiles) character file.

13637 Melicamp the Nimble (level 11, -12/58 HPs)
             Began as a Spriggan Enchanter on Nov 18, 2016.
             Was a High Priest of Makhleb.
             Mangled by a swamp worm (18 damage)
             ... on level 2 of the Lair of Beasts.
             The game lasted 01:48:11 (15725 turns).

Melicamp the Nimble (Spriggan Enchanter)           Turns: 15725, Time: 01:48:12

Health: -12/58     AC:  4    Str:  4    XL:     11   Next: 78%
Magic:  21/21      EV: 32    Int: 20    God:    Makhleb [*****.]
Gold:   592        SH:  0    Dex: 19    Spells: 5 memorised, 12 levels left

rFire  . . .     SeeInvis +     h - +1 dagger (venom)
rCold  + . .     Gourm    .     u - +2 robe {rC+}
rNeg   . . .     Faith    +     (shield restricted)
rPois  .         Spirit   .     (helmet restricted)
rElec  .         Reflect  .     (no cloak)
rCorr  .         Harm     .     (gloves unavailable)
MR     +....                    (boots unavailable)
Stlth  +++.......               b - amulet of faith
                                f - +3 ring of evasion
                                m - +2 ring of intelligence

@: very quick
A: unfitting armour, see invisible, herbivore 3, speed 3, slow metabolism 2
a: Minor Destruction, Lesser Servant of Makhleb, Major Destruction, Greater
Servant of Makhleb, Renounce Religion


You were on level 2 of the Lair of Beasts.
You worshipped Makhleb.
Makhleb was extremely pleased with you.
You were not hungry.

You visited 2 branches of the dungeon, and saw 11 of its levels.
You also visited: Ossuary.

You collected 592 gold pieces.

Inventory:

Hand Weapons
 h - a +1 dagger of venom (weapon)
Armour
 u - a +2 robe of cold resistance (worn)
Jewellery
 b - an amulet of faith (around neck)
 f - a +3 ring of evasion (right hand)
 g - an uncursed ring of ice
 m - a +2 ring of intelligence (left hand)
Wands
 n - a wand of flame (16/48)
 r - a wand of iceblast (1/15)
 x - a wand of hasting (3/9)
 y - a wand of lightning (1/15)
Scrolls
 j - 4 scrolls of amnesia
 k - a scroll of teleportation
 p - 4 scrolls of remove curse
Potions
 a - a potion of resistance {unknown}
 i - 3 potions of magic {unknown}
 l - 3 potions of lignification
 o - 3 potions of heal wounds
 q - 2 potions of agility {unknown}
 s - 5 potions of curing {unknown}
 t - 3 potions of brilliance {unknown}
 w - a potion of flight {unknown}
Books
 c - a book of Maledictions

   Spells                             Type                      Level
   a - Corona                         Hexes                        1
   b - Ensorcelled Hibernation        Hexes/Ice                    2
   c - Confuse                        Hexes                        3
   d - Tukima's Dance                 Hexes                        3
   e - Dazzling Spray                 Conjuration/Hexes            3
 e - a book of Battle

   Spells                             Type                      Level
   a - Infusion                       Charms                       1
   b - Shroud of Golubria             Charms/Translocation         2
   c - Song of Slaying                Charms                       2
   d - Spectral Weapon                Hexes/Charms                 3
   e - Regeneration                   Charms/Necromancy            3
Miscellaneous
 z - a disc of storms
Comestibles
 d - 7 bread rations
 v - a slice of pizza


   Skills:
 - Level 6.5 Fighting
 - Level 10.1 Short Blades
 - Level 12.2 Dodging
 - Level 12.0 Stealth
 - Level 6.0 Spellcasting
 - Level 10.2 Hexes
 * Level 3.0 Invocations


You had 12 spell levels left.
You knew the following spells:

 Your Spells              Type           Power        Failure   Level  Hunger
a - Corona                Hex            #####..      1%          1    None
b - Ensorcelled Hibernat  Hex/Ice        ####..       1%          2    None
c - Confuse               Hex            #####...     1%          3    ##.....
d - Dazzling Spray        Conj/Hex       ####..       4%          3    ##.....
e - Infusion              Chrm           #...         12%         1    None


Dungeon Overview and Level Annotations

Branches:
Dungeon (9/15)             Temple (0/1) D:7            Lair (2/6) D:9
    Orc (0/2) D:9
  Swamp: Lair:2-4    Shoals: Lair:2-4     Snake: Lair:2-4    Spider: Lair:2-4

Altars:
Ashenzari
Dithmenos
Fedhas
Gozag
Kikubaaqudgha
Makhleb
Ru
Zin
The Shining One

Annotations:
Lair:1 Gastronok


Innate Abilities, Weirdness & Mutations

You are very small and have problems with some larger weapons.
You are too small for most types of armour.
You have supernaturally acute eyesight. (SInv)
You are a herbivore.
You cover ground extremely quickly.
You need consume almost no food.


Message History

You see here a worm corpse.
A swamp worm bursts forth from the water.
The swamp worm completely misses you. The swamp worm misses you.
A swamp worm bursts forth from the water.
The swamp worm closely misses you.
A swamp worm bursts forth from the water.
The swamp worm misses you. The swamp worm completely misses you.
A swamp worm bursts forth from the water.
The swamp worm closely misses you. The swamp worm misses you.
The swamp worm completely misses you.
A swamp worm bursts forth from the water.
The swamp worm misses you. The swamp worm completely misses you.
The swamp worm bites you!!
Your unstable footing causes you to fumble your attack.
The swamp worm completely misses you. The swamp worm bites you!!
* * * LOW HITPOINT WARNING * * *
The swamp worm completely misses you. The swamp worm misses you.
Your unstable footing causes you to fumble your attack.
The swamp worm bites you!!
You die...

##..../....#
##..........##
##...............#
#P.####.........P#
#..≈#≈≈≈≈≈≈≈....##
..≈≈≈≈≈≈≈≈≈≈≈..##
##≈≈≈#######≈≈≈.P#
#P≈≈##ww≈≈≈#P≈≈..#
#≈≈≈#w@≈ww≈†≈≈≈.##
#≈≈##www≈≈#P≈≈..#
#≈≈≈#######≈≈≈.##
#≈≈≈≈≈≈≈≈≈≈≈≈..P#
#
##..≈†≈≈≈≈≈...†.#
# #.............##
# ####..........##
## ##..........#
.# #..........##


You could see 5 swamp worms and 3 worms.

Vanquished Creatures
  A hydra (Lair:2)
  Erica (D:9)
  Joseph (D:9)
  A black mamba (Lair:2)
  5 spiny frogs
  Psyche (D:9)
  4 komodo dragons (Lair:1)
  2 hippogriffs
  Sigmund (D:4)
  A wyvern (Lair:1)
  5 yaks (Lair:1)
  Eustachio (D:3)
  A steam dragon (D:9)
  Menkaure (D:7)
  6 water moccasins (Lair:2)
  Duvessa (D:6)
  A swamp worm (Lair:2)
  4 porcupines
  6 sky beasts
  4 phantoms
  2 orc warriors
  2 ice beasts
  13 ogres
  3 centaurs
  An eye of draining (D:8)
  5 crocodiles
  2 elf zombies (D:5)
  7 bullfrogs
  A gnoll sergeant (D:6)
  2 scorpions
  Dowan (D:6)
  2 water moccasin skeletons
  4 killer bees (D:7)
  3 wights (D:9)
  3 howler monkeys (D:8)
  7 crimson imps
  2 human zombies (D:5)
  10 hounds
  4 bullfrog skeletons
  2 human skeletons (D:5)
  4 iguanas
  11 orc wizards
  6 worker ants
  A hound zombie (D:8)
  2 hound skeletons (D:6)
  A mummy (Ossuary)
  Robin (D:4)
  4 gnolls (D:6)
  A howler monkey skeleton (D:5)
  7 adders
  3 river rats (D:9)
  3 shadow imps
  An adder skeleton (D:9)
  11 worms
  A dart slug (D:1)
  8 leopard geckos
  35 orcs
  4 giant cockroaches (D:3)
  A gnoll zombie (Ossuary)
  8 hobgoblins
  10 jackals
  7 quokkas
  A ball python (D:6)
  8 bats
  A frilled lizard (D:1)
  16 goblins
  3 hobgoblin zombies (Ossuary)
  2 jackal skeletons (D:6)
  8 kobolds
  2 kobold zombies (Ossuary)
  An orc zombie (Ossuary)
  2 quokka zombies
  21 rats
  2 plants
321 creatures vanquished.

Vanquished Creatures (others)
  A fungus (Lair:1)
  A plant (Lair:2)
2 creatures vanquished.

Grand Total: 323 creatures vanquished

Notes
Turn   | Place    | Note
-------+----------+-------------------------------------------
     0 | D:1      | Melicamp the Spriggan Enchanter began the quest for the Orb.
     0 | D:1      | Reached XP level 1. HP: 9/9 MP: 5/5
   326 | D:1      | Reached XP level 2. HP: 13/13 MP: 6/6
   511 | D:1      | Reached skill level 5 in Stealth
  1284 | D:2      | Reached XP level 3. HP: 16/16 MP: 8/8
  1504 | D:2      | Found an opulent altar of Gozag.
  1515 | D:2      | Found a sacrificial altar of Ru.
  1820 | D:2      | Found an ancient bone altar of Kikubaaqudgha.
  1830 | D:2      | Found a burning altar of Makhleb.
  2146 | D:2      | Became a worshipper of Makhleb the Destroyer
  2150 | D:2      | Learned a level 2 spell: Ensorcelled Hibernation
  2479 | D:3      | Reached XP level 4. HP: 21/21 MP: 9/9
  3191 | D:3      | Reached * piety under Makhleb
  3366 | D:3      | Found a faded altar of an unknown god.
  3696 | D:3      | Reached XP level 5. HP: 21/24 MP: 7/10
  3759 | D:4      | Noticed Sigmund
  3979 | D:4      | Killed Sigmund
  3979 | D:4      | Reached XP level 6. HP: 28/28 MP: 0/11
  4242 | D:4      | Found a shadowy altar of Dithmenos.
  4404 | D:4      | Noticed Eustachio
  4489 | D:3      | Learned a level 3 spell: Confuse
  4506 | D:3      | Killed Eustachio
  4506 | D:3      | Reached skill level 5 in Short Blades
  4506 | D:3      | Reached skill level 5 in Hexes
  4506 | D:3      | Reached XP level 7. HP: 32/32 MP: 8/12
  4570 | D:4      | Noticed Robin
  5086 | D:4      | Killed Robin
  5276 | D:4      | Reached ** piety under Makhleb
  5363 | D:5      | Entered Level 5 of the Dungeon
  5463 | D:5      | Reached XP level 8. HP: 36/36 MP: 15/15
  5597 | D:5      | Found a sand-covered staircase.
  5616 | Ossuary  | Entered an ossuary
  5951 | D:5      | Reached skill level 1 in Fighting
  6140 | D:5      | Found a shattered altar of Ashenzari.
  6605 | D:5      | Reached skill level 5 in Dodging
  6940 | D:6      | Reached *** piety under Makhleb
  7225 | D:6      | Reached XP level 9. HP: 44/44 MP: 11/16
  7776 | D:6      | Noticed Dowan
  7778 | D:6      | Noticed Duvessa
  7796 | D:6      | Killed Dowan
  7803 | D:6      | Killed Duvessa
  8003 | D:6      | Reached skill level 10 in Stealth
  9086 | D:7      | Found a glowing golden altar of the Shining One.
  9132 | D:7      | Reached **** piety under Makhleb
  9277 | D:7      | Found a glowing silver altar of Zin.
  9298 | D:7      | Noticed Menkaure
  9375 | D:7      | Killed Menkaure
  9442 | D:7      | Found a staircase to the Ecumenical Temple.
  9527 | D:7      | Upgraded the game from 0.19.0-20-gbc5f0c6 to 0.19.0-22-gd96e5fe
  9567 | D:8      | Learned a level 3 spell: Dazzling Spray
  9723 | D:8      | Reached skill level 5 in Spellcasting
  9799 | D:8      | Reached XP level 10. HP: 49/49 MP: 14/18
 11177 | D:8      | Reached skill level 5 in Fighting
 11505 | D:8      | Found a blossoming altar of Fedhas.
 11564 | D:8      | Got a fine halberd
 11889 | D:9      | Noticed Psyche
 11898 | D:9      | Killed Psyche
 11938 | D:9      | Found a staircase to the Lair.
 12155 | D:9      | Reached ***** piety under Makhleb
 12238 | D:9      | Noticed Erica
 12254 | D:9      | Killed Erica
 12609 | D:9      | Found a staircase to the Orcish Mines.
 12760 | D:9      | Noticed Joseph
 12769 | D:9      | Killed Joseph
 12769 | D:9      | Reached skill level 10 in Short Blades
 13089 | Lair:1   | Entered Level 1 of the Lair of Beasts
 13089 | Lair:1   | Noticed a spiny frog
 13096 | Lair:1   | Noticed Gastronok
 13096 | Lair:1   | Noticed a spiny frog
 13264 | Lair:1   | Killed a spiny frog
 13264 | Lair:1   | Reached XP level 11. HP: 48/58 MP: 13/21
 13700 | Lair:1   | Learned a level 1 spell: Infusion
 13803 | Lair:1   | Reached skill level 10 in Hexes
 14700 | Lair:1   | Reached skill level 10 in Dodging
 14784 | Lair:2   | Found a labyrinth entrance.
 15262 | Lair:2   | Noticed a seven-headed hydra
 15332 | Lair:2   | Killed a seven-headed hydra
 15725 | Lair:2   | Mangled by a swamp worm

Skill      XL: |  1  2  3  4  5  6  7  8  9 10 11 |
---------------+----------------------------------+-----
Stealth        | 5 6 7 9 12 | 12.0
Short Blades   | 2 3 4 5 8 10 | 10.1
Hexes          | 5 7 8 10 | 10.2
Spellcasting   | 4 5 6 |  6.0
Fighting       | 3 6 |  6.5
Dodging        | 8 12 | 12.2
Invocations    | 3 |  3.0

Action                   |  1- 3 |  4- 6 |  7- 9 | 10-12 || total
-------------------------+-------+-------+-------+-------++-------
Melee: Dagger            |   182 |   139 |   475 |   530 ||  1326
 Cast: Ensorcelled Hiber |       |    17 |    14 |    46 ||    77
       Corona            |       |     2 |     1 |     3 ||     6
       Confuse           |       |     1 |    53 |    91 ||   145
       Dazzling Spray    |       |       |       |     1 ||     1
Evoke: Wand              |       |     2 |     1 |       ||     3
  Use: Scroll            |     6 |     2 |     6 |     9 ||    23
       Potion            |       |     1 |     1 |       ||     2
 Stab: Sleeping          |    11 |     8 |    27 |    29 ||    75
       Distracted        |       |     2 |     3 |     1 ||     6
       Confused          |       |     1 |    37 |    54 ||    92
       Invisible         |       |       |       |     1 ||     1
  Eat: Fruit             |       |     3 |       |       ||     3
       Royal jelly       |       |       |     2 |       ||     2
       Bread ration      |       |       |     1 |     2 ||     3
Armor: Robe              |    22 |    13 |    19 |    11 ||    65
Dodge: Dodged            |   104 |   134 |   250 |   237 ||   725
